 Dungeon Crawl Stone Soup version 0.31-a0-854-g362426d53f (webtiles) character file.

Game seed: 3949059796904977468

0 Shayle the Grasshopper (level 1, -2/16 HPs)
             Began as a Demonspawn Warper on Oct 9, 2023.
             Succumbed to a kobold's poison
             ... on level 1 of the Dungeon.
             The game lasted 00:00:36 (50 turns).

Shayle the Grasshopper (Demonspawn Warper)            Turns: 50, Time: 00:00:37

Health: -2/16      AC:  3    Str: 11    XL:     1   Next: 8%
Magic:  3/3        EV:  8    Int: 14    God:
Gold:   17         SH:  0    Dex: 12    Spells: 4/4 levels left

rFire   . . .        a - +0 spear
rCold   . . .        (no shield)
rNeg    . . .        b - +0 leather armour
rPois   .            (no helmet)
rElec   .            (no cloak)
rCorr   .            (no gloves)
SInv    .            (no boots)
Will    .....        (no amulet)
Stlth   +            (no ring)
HPRegen 0.22/turn    (no ring)
MPRegen 0.08/turn

%: no passive effects
@: lethally poisoned (-2 -> -13), constricted
A: no striking features
a: no special abilities


You were on level 1 of the Dungeon.
You visited 1 branch of the dungeon, and saw 1 of its levels.

You collected 17 gold pieces.

Inventory:

Hand Weapons
 a - a +0 spear (weapon)
Missiles
 d - 6 darts of dispersal (quivered)
Armour
 b - a +0 leather armour (worn)
 f - a +0 helmet
Scrolls
 e - a scroll of identify {unknown}


   Skills:
 + Level 2.0 Fighting
 - Level 1.7 Polearms
 - Level 0.8 Throwing
 + Level 0.9 Armour
 - Level 1.7 Dodging
 + Level 2.0 Spellcasting
 - Level 2.6 Translocations


You had 4 spell levels left.
You didn't know any spells.
Your spell library contained the following spells:

 Spells                   Type           Power      Damage    Failure   Level
 Blink                    Tloc           16%        N/A       16%         2
 Lesser Beckoning         Tloc           16%        N/A       16%         2
 Teleport Other           Tloc           8%         N/A       30%         3
 Manifold Assault         Tloc           8%         N/A       71%         4
 Vhi's Electric Charge    Tloc/Air       10%        N/A       87%         4


Dungeon Overview and Level Annotations

Branches:
Dungeon (1/15)

Altars:


Message History

The jackal is almost dead.
The jackal barely misses you.
The jackal bites you but does no damage.
The ball python closely misses you. The ball python grabs you.
The ball python constricts you.
You barely miss the jackal.
The jackal is almost dead.
The jackal bites you. The ball python bites you.
The ball python constricts you.
You barely miss the jackal.
The jackal is almost dead.
The jackal closely misses you. The ball python bites you.
The ball python constricts you.
The jackal bites you but does no damage.
Unknown command.
You barely miss the jackal.
The jackal is almost dead.
The ball python barely misses you. The ball python constricts you.
The jackal bites you.
The kobold hits you with a +4 dagger of venom.
You aren't carrying any potions.
Blink to where?
Press: ? - help, Dir - move target The ball python's grasp on you weakens, but your attempt to escape fails.
As you read the scroll of blinking, it crumbles to dust.
The ball python bites you but does no damage.
The ball python constricts you.
The jackal bites you but does no damage.
The kobold hits you with a +4 dagger of venom.
* * * LOW HITPOINT WARNING * * *
You are lethally poisoned!
The ball python completely misses you. The ball python constricts you.
* * * LOW HITPOINT WARNING * * *
You aren't carrying any potions.
Throw: 7 darts (disperse)
Press: ? - help, Q - select action Shift-Dir - straight line, f - ball python
Aim: a ball python (constricting you, 50% to hit)
You throw a dart of dispersal.
The dart of dispersal barely misses the ball python.
You die...

. ##.
#.........##....
.. #[[
#.....###.##....
...##.##.....#
#.##....
.............#
#.######
....+........#
#.# . #........#
#.# #........#
#.# #ShK.....#
#.# #.@......#
#........+
#........#
#........#
#..........
#........##
#........#
########..


You could see a jackal, a ball python and a kobold.

Vanquished Creatures
  A rat (D:1)
1 creature vanquished.

Notes
Turn   | Place    | Note
-------+----------+-------------------------------------------
     0 | D:1      | Shayle the Demonspawn Warper began the quest for the Orb.
     0 | D:1      | Reached XP level 1. HP: 16/16 MP: 3/3
    50 | D:1      | Succumbed to a kobold's poison

Illustrated notes

Levels and vault maps discovered:
D:1:      wander_arrival_lonely_grave, layout_basic,
          hellmonk_ecumenical_altar_blasted, minmay_split_cup_small

Action                     || total
---------------------------++-------
  Melee: Spear             ||    10
  Throw: Dart              ||     1
    Use: Scroll            ||     1
 Armour: Leather armour    ||    12
  Dodge: Dodged            ||     8

Table legend: (Time is in decaauts)
 A = Elapsed time spent in this place.
 B = Non-inter-level travel time spent in this place.
 C = Inter-level travel time spent in this place.
 D = Time resting spent in this place.
 E = Time spent auto-exploring this place.
 F = Levels seen in this place.
 G = Mean time per level.
                   A        B        C        D        E       F      G
               +--------+--------+--------+--------+--------+-----+--------+
         Total |     50 |     50 |      0 |      0 |     16 |   1 |   50.0 |
       Dungeon |     50 |     50 |      0 |      0 |     16 |   1 |   50.0 |
               +--------+--------+--------+--------+--------+-----+--------+

Top non-repeatable levels by time:
     D:1: 50 daAuts
